 Dungeon Crawl Stone Soup version 0.30-a0-757-ga6a79fd877 (webtiles) character file.

Game seed: 14405160449105650302

22382 cforsyth the Convoker (level 12, -14/59 HPs)
             Began as a Tengu Summoner on Feb 10, 2023.
             Was an Initiate of Gozag.
             Demolished by an azure jelly (18 damage)
             ... in an ice cave.
             The game lasted 00:48:05 (18254 turns).

cforsyth the Convoker (Tengu Summoner)             Turns: 18254, Time: 00:48:05

Health: -14/59     AC:  7    Str: 10    XL:     12   Next: 99%
Magic:  35/39      EV: 14    Int: 25    God:    Gozag
Gold:   1555       SH:  5    Dex: 15    Spells: 25/38 levels left

rFire   + . .      SeeInvis .    (no weapon)
rCold   + . .      Faith    .    (no shield)
rNeg    . . .      Spirit   .    E - +1 robe {rC+ rF+}
rPois   .          Reflect  +    (helmet restricted)
rElec   .          Harm     .    F - +0 cloak
rCorr   .          Rampage  .    v - +2 pair of gloves
Will    .....                    (boots unavailable)
Stlth   ++                       c - amulet of reflection
HPRegen 0.29/turn                h - ring of magical power
MPRegen 0.26/turn                a - +6 ring of intelligence

@: flying quickly and evasively, quick
A: beak, talons 3, nimble flight
a: Renounce Religion, Potion Petition, Call Merchant, Bribe Branch


You were in an ice cave.
You worshipped Gozag.
Gozag was most pleased with you.
You visited 2 branches of the dungeon, and saw 13 of its levels.
You also visited: Ice Cave.

You collected 1726 gold pieces.
You paid 171 gold pieces to Gozag.

Inventory:

Missiles
 l - 2 throwing nets
Armour
 r - the +0 ring mail of Hishrer {Int+5 Slay-6 SInv}
   (You found it on level 3 of the Dungeon)

   Int:       It affects your intelligence (+5).
   Slay:      It affects your accuracy & damage with ranged weapons and melee
   (-6).
   SInv:      It lets you see invisible.
 v - a +2 pair of gloves (worn)
 E - a +1 robe of resistance (worn)
 F - a +0 cloak (worn)
Jewellery
 a - a +6 ring of intelligence (right hand)
 c - an amulet of reflection (around neck)
 h - a ring of magical power (left hand)
 y - a ring of ice
 B - a +6 ring of strength
 D - a ring of magical power
 K - a ring of protection from fire
Wands
 A - a wand of paralysis (6)
 I - a wand of digging (6)
Scrolls
 d - 2 scrolls of blinking
 f - a scroll of torment
 g - 3 scrolls of fog
 i - 2 scrolls of fear
 j - a scroll of acquirement {unknown}
 k - 3 scrolls of poison
 n - a scroll of immolation
 u - a scroll of enchant armour
 z - a scroll of vulnerability
 C - a scroll of teleportation
Potions
 b - 3 potions of magic
 e - 2 potions of mutation
 o - 2 potions of resistance
 p - 2 potions of haste
 q - 3 potions of attraction
 s - a potion of heal wounds
 t - a potion of berserk rage {unknown}
 w - 4 potions of might
 G - 2 potions of brilliance
 J - a potion of curing
 L - a potion of experience {unknown}


   Skills:
 - Level 2.1 Dodging
 - Level 2.0 Stealth
 + Level 13.9 Spellcasting
 + Level 18.2 Summonings


You had 25 spell levels left.
You knew the following spells:

 Your Spells              Type           Power      Damage    Failure   Level
a - Summon Small Mammal   Summ           100%       N/A       0%          1
b - Call Imp              Summ           83%        N/A       0%          2
c - Call Canine Familiar  Summ           83%        N/A       0%          3
d - Summon Guardian Gole  Hex/Summ       58%        N/A       1%          3
e - Summon Lightning Spi  Summ/Air       58%        N/A       1%          4

Your spell library contained the following spells:

 Spells                   Type           Power      Damage    Failure   Level
 Foxfire                  Conj/Fire      68%        2x1d7     3%          1
 Kiss of Death            Conj/Necr      68%        2d10      3%          1
 Blink                    Tloc           34%        N/A       4%          2
 Lesser Beckoning         Tloc           34%        N/A       4%          2
 Momentum Strike          Conj/Tloc      34%        3d8       4%          2
 Confusing Touch          Hex            17%        N/A       10%         3
 Kindle Blastsparks       Fire/Tloc/Air  34%        2d12      10%         3
 Dispel Undead            Necr           17%        3d10      32%         4
 Fulminant Prism          Conj/Hex       8%         3d7       32%         4
 Iskenderun's Mystic Bla  Conj/Tloc      17%        2d5       32%         4
 Fireball                 Conj/Fire      8%         3d6       67%         5
 Lee's Rapid Deconstruct  Erth           8%         3d7*      67%         5
 Starburst                Conj/Fire      8%         6d4       99%         6


Dungeon Overview and Level Annotations

Branches:
Dungeon (12/15)            Temple (1/1) D:7            Lair (0/5) D:9
    Orc (0/2) D:10          IceCv (1/1)

Altars:
Ashenzari
Cheibriados
Fedhas
Gozag
Hepliaklqana
Makhleb
Okawaru
Uskayaw
Wu Jian
Yredelemnul
The Shining One

Shops:
D:7 (


Innate Abilities, Weirdness & Mutations

You have a beak for a mouth.
You have claws for feet.
Your magical nature lets you fly swiftly and evasively.


Message History

Confirm with . or Enter, or press ? or * to list all spells.
A guardian golem appears, shielding your allies.
Your warg closely misses the azure jelly.
The azure jelly is engulfed in blazing flames.
Your warg bites the azure jelly!
The azure jelly is engulfed in blazing flames.
Your guardian golem is engulfed in blazing flames.
Your warg closely misses the azure jelly.
The azure jelly is engulfed in blazing flames.
The azure jelly hits you! The azure jelly freezes you!! You resist.
The azure jelly hits you. The azure jelly freezes you! You resist.
The azure jelly hits you.
* * * LOW HITPOINT WARNING * * *
You block the azure jelly's attack.
Your warg bites the azure jelly!
The azure jelly is engulfed in blazing flames.
The great orb of eyes simulacrum is distracted by your dazzling golden aura.
The great orb of eyes simulacrum is no longer distracted by gold.
The azure jelly attacks as you move away!
The azure jelly hits you but does no damage.
The azure jelly hits you.
* * * LOW HITPOINT WARNING * * *
The azure jelly freezes you! You resist.
* * * LOW HITPOINT WARNING * * *
The azure jelly barely misses you. The azure jelly hits you.
* * * LOW HITPOINT WARNING * * *
Press: ? - help, v - describe, . - travel
Here: an azure jelly (almost dead, ally target)
The floor.
You feel much better. The azure jelly hits you! The azure jelly freezes you!
You resist.
* * * LOW HITPOINT WARNING * * *
You block the azure jelly's attack. The azure jelly hits you.
* * * LOW HITPOINT WARNING * * *
The azure jelly hits you.
* * * LOW HITPOINT WARNING * * *
The azure jelly closely misses you. The azure jelly hits you.
* * * LOW HITPOINT WARNING * * *
The azure jelly freezes you!! You resist.
You die...
Your body crumbles into a pile of gold.

###########.......###
##...............######
####...........######.....
##.......§##########.......
##.......##########......# .
#.....####.....h.9h$○..#....
#....## #.....9#..☼.Z...._.#
#.....####...J.###.....#....
##......###.@...####.....#..
###.............# ##.......
###.........### ##.....
########### #####


You could see an azure jelly (ally target), a friendly guardian golem (summoned)
and a friendly warg (summoned, sheltered).

Vanquished Creatures
  A bullfrog (D:8)
  A killer bee (D:7)
  An orc wizard (D:7)
  2 orcs
  A ball python (D:1)
  A bat (D:2)
  A kobold (D:9)
8 creatures vanquished.

Vanquished Creatures (collateral kills)
  Erica (D:11)
  3 two-headed ogres
  Urug (D:10)
  Pikel (D:8)
  A deep elf pyromancer (D:10)
  4 molten gargoyles (D:11)
  2 ice statues (IceCv)
  A gargoyle (D:11)
  A kobold demonologist (D:9)
  An unseen horror zombie (D:10)
  2 trolls (D:9)
  2 hornets (D:9)
  2 vampires
  A shadow (D:9)
  A wraith (D:10)
  9 slime creatures (IceCv)
  A wyvern (D:9)
  A steam dragon (D:6)
  A warg (D:10)
  6 acid dragons
  4 water moccasins
  2 orc warriors
  An ice beast (D:5)
  A great orb of eyes simulacrum (IceCv)
  3 centaurs
  4 ogres
  A lemure (D:8)
  A phantom (D:6)
  A slime creature simulacrum (IceCv)
  6 kobold brigands
  2 bullfrogs (D:6)
  A gnoll sergeant (D:9)
  A necrophage (D:10)
  3 glowing shapeshifter simulacra (IceCv)
  5 scorpions
  A cane toad simulacrum (D:12)
  7 wights
  2 elephant simulacra (D:12)
  8 killer bees
  A howler monkey (D:8)
  2 electric eels (D:6)
  A human zombie (D:10)
  2 jellies
  6 centaur zombies (D:10)
  2 hounds (D:5)
  7 orc priests
  A gnoll bouda (D:8)
  An iguana (D:6)
  12 orc wizards
  A spriggan simulacrum (D:12)
  A wolf simulacrum (D:12)
  A mummy (D:10)
  A howler monkey zombie (D:10)
  16 gnolls
  11 adders
  A naga simulacrum (D:12)
  A shadow imp (D:5)
  A white imp (D:5)
  5 worms
  A dart slug (D:3)
  23 orcs
  6 ball pythons
  5 bats
  6 endoplasms
  4 goblins
  11 hobgoblins
  4 jackals
  22 kobolds
  2 quokkas (D:2)
  2 frilled lizards
  6 rats
262 creatures vanquished.

Vanquished Creatures (others)
  An azure jelly (IceCv)
  A quicksilver ooze (IceCv)
  2 two-headed ogres
  A manticore (D:11)
  A cyclops (D:11)
  4 slime creatures (IceCv)
  A yak (D:9)
  2 orc warriors
  A black bear (D:6)
  A glowing shapeshifter simulacrum (IceCv)
  A scorpion (D:4)
  2 wights (D:8)
  4 killer bees (D:10)
  A spriggan simulacrum (D:12)
  A naga simulacrum (D:12)
  3 orcs
  23 plants (D:6)
50 creatures vanquished.

Grand Total: 320 creatures vanquished

Notes
Turn   | Place    | Note
-------+----------+-------------------------------------------
     0 | D:1      | cforsyth the Tengu Summoner began the quest for the Orb.
     0 | D:1      | Reached XP level 1. HP: 10/10 MP: 4/4
   164 | D:1      | Reached skill level 5 in Summonings
   275 | D:1      | Reached XP level 2. HP: 15/15 MP: 4/6
   278 | D:1      | Learned a level 2 spell: Call Imp
   657 | D:1      | Reached XP level 3. HP: 10/19 MP: 5/8
   663 | D:1      | Learned a level 3 spell: Call Canine Familiar
  1109 | D:2      | Reached XP level 4. HP: 24/24 MP: 5/9
  1113 | D:2      | Learned a level 3 spell: Summon Guardian Golem
  1332 | D:2      | Reached skill level 6 in Summonings
  2085 | D:3      | Gained mutation: Your magical nature lets you fly swiftly
                  | and evasively. [Tengu growth]
  2085 | D:3      | Reached XP level 5. HP: 28/28 MP: 4/11
  2523 | D:3      | Identified the +0 ring mail of Hishrer {Int+5 Slay-6 SInv}
  3383 | D:4      | Noticed an ogre
  3397 | D:4      | Killed an ogre
  3398 | D:4      | Reached skill level 7 in Summonings
  3398 | D:4      | Reached XP level 6. HP: 32/32 MP: 3/13
  3412 | D:4      | Learned a level 4 spell: Summon Lightning Spire
  3807 | D:4      | Found a hazy altar of Hepliaklqana.
  4171 | D:5      | Entered Level 5 of the Dungeon
  4291 | D:5      | Reached XP level 7. HP: 30/36 MP: 8/15
  4390 | D:5      | Reached skill level 5 in Spellcasting
  4390 | D:5      | Reached skill level 8 in Summonings
  5051 | D:5      | Reached XP level 8. HP: 41/41 MP: 10/17
  5266 | D:5      | Reached skill level 9 in Summonings
  5593 | D:6      | Reached skill level 10 in Summonings
  6359 | D:6      | Reached XP level 9. HP: 30/45 MP: 14/21
  8009 | D:6      | Found an iron altar of Okawaru.
  8076 | D:6      | Reached skill level 11 in Summonings
  8347 | D:7      | You are sucked into a shaft and drop 2 floors!
  8466 | D:9      | Noticed a kobold demonologist
  8481 | D:9      | Noticed an ice devil
  8484 | D:9      | Killed a kobold demonologist
  8621 | D:9      | Found a staircase to the Lair.
  8768 | D:9      | Reached skill level 12 in Summonings
  8864 | D:9      | Noticed a two-headed ogre
  8885 | D:9      | Killed a two-headed ogre
  8886 | D:9      | Reached XP level 10. HP: 50/50 MP: 16/24
  8985 | D:9      | Reached skill level 13 in Summonings
  9291 | D:8      | Noticed Pikel
  9305 | D:8      | Killed Pikel
  9306 | D:8      | Reached skill level 10 in Spellcasting
  9315 | D:8      | Noticed a two-headed ogre
 10173 | D:7      | Found a staircase to the Ecumenical Temple.
 10183 | Temple   | Entered the Ecumenical Temple
 10190 | Temple   | Became a worshipper of Gozag Ym Sagoz the Greedy
 10324 | D:7      | Found Cus Ned's Antique Weapon Shoppe.
 10434 | D:7      | HP: 2/50 [orc priest/divine providence (11)]
 11561 | D:8      | Reached skill level 14 in Summonings
 12075 | D:8      | Killed a two-headed ogre
 12082 | D:8      | Reached XP level 11. HP: 33/54 MP: 14/26
 13501 | D:10     | Entered Level 10 of the Dungeon
 13550 | D:10     | Reached skill level 15 in Summonings
 13642 | D:10     | Found a staircase to the Orcish Mines.
 14015 | D:10     | Noticed Urug
 14027 | D:10     | Killed Urug
 14261 | D:10     | Found a basalt altar of Yredelemnul.
 15225 | D:10     | Noticed a two-headed ogre
 15253 | D:10     | Killed a two-headed ogre
 15254 | D:10     | Reached skill level 16 in Summonings
 15312 | D:10     | Noticed a deep elf pyromancer
 15325 | D:10     | Killed a deep elf pyromancer
 15838 | D:11     | Noticed a two-headed ogre
 15851 | D:11     | Killed a two-headed ogre
 15852 | D:11     | Reached XP level 12. HP: 59/59 MP: 26/29
 16039 | D:11     | Noticed a two-headed ogre
 16048 | D:11     | Killed a two-headed ogre
 16302 | D:11     | Noticed Erica
 16320 | D:11     | Killed Erica
 16332 | D:11     | Reached skill level 17 in Summonings
 17140 | D:12     | Found a frozen archway.
 17236 | IceCv    | Entered an ice cave
 18125 | IceCv    | Noticed a quicksilver ooze
 18133 | IceCv    | Killed a quicksilver ooze
 18145 | IceCv    | Reached skill level 18 in Summonings
 18230 | IceCv    | Found a viscous altar of Jiyva.
 18230 | IceCv    | Noticed an azure jelly
 18238 | IceCv    | Killed an azure jelly
 18240 | IceCv    | Noticed an azure jelly
 18253 | IceCv    | HP: 1/59 [azure jelly (2)]
 18254 | IceCv    | Demolished by an azure jelly

Illustrated notes

Levels and vault maps discovered:
D:1:      erik_arrival_orb_chamber, layout_basic
D:2:      layout_basic
D:3:      layout_basic, serial_aquarium, aquarium_bridge_straight
          [aquarium_subvault_bridge, aquarium_subvault_window,
          aquarium_subvault_bridge, aquarium_subvault_window],
          aquarium_bridge_long_joined [aquarium_subvault_window,
          aquarium_subvault_wall, aquarium_subvault_bridge,
          aquarium_subvault_wall, aquarium_subvault_window,
          aquarium_subvault_wall], aquarium_window_fake, aquarium_window_fake,
          aquarium_view_2f, aquarium_balcony_3a
D:4:      layout_cave_pools, kennysheep_mini_moat,
          hangedman_abyss_or_decor_stabs, chequers_avenue
D:5:      layout_basic
D:6:      layout_loops_ring, okawaru_altar_gauntlet_db, dk_noncrumbling_3,
          st_stairs_11, chequers_decorated_corner, serial_bayou_lake_a
D:7:      layout_gridville, minmay_temple_entry_trees, serial_shops, shop,
          nicolae_hexahallways
D:8:      layout_gridville, minmay_parallelograms, uniq_pikel
D:9:      minmay_razor_zed, layout_gridville, lair_entry_dummy,
          bh_walls_and_bars
D:10:     layout_rooms, lemuel_mausoleum_altar_yredelemnul, david_orc_3,
          lightli_fourway_metalbox, uniq_urug
D:11:     layout_rooms, minivault_8, uniq_erica
D:12:     layout_basic, portal_ice_cave_entry_ice_simulacra, kennysheep_nub,
          zin_purify
Temple:   compressed_dpeg_triangle_lava_temple
IceCv:    ice_cave_hellmonk_azure_passage

Skill      XL: |  1  2  3  4  5  6  7  8  9 10 11 12 |
---------------+-------------------------------------+-----
Summonings     | 5 6 7 8 10 12 14 16 18 | 18.2
Spellcasting   | 3 4 5 7 9 10 12 13 | 13.9
Dodging        | |  2.1
Stealth        | |  2.0

Action                     |  1- 3 |  4- 6 |  7- 9 | 10-12 || total
---------------------------+-------+-------+-------+-------++-------
  Melee: Unarmed           |     2 |    10 |    31 |    52 ||    95
         Kick              |     2 |     2 |    11 |    25 ||    40
         Peck              |       |     2 |     9 |    17 ||    28
         Punch             |       |       |       |     1 ||     1
   Cast: Summon Small Mamm |    21 |    24 |    58 |    97 ||   200
         Call Imp          |     6 |    11 |    25 |    48 ||    90
         Call Canine Famil |     3 |    22 |    42 |    68 ||   135
         Summon Guardian G |       |     2 |     8 |    57 ||    67
         Summon Lightning  |       |       |       |    45 ||    45
    Use: Scroll            |       |     6 |     4 |    14 ||    24
         Potion            |       |       |       |     6 ||     6
   Stab: Distracted        |       |       |       |     2 ||     2
 Armour: Robe              |     6 |    11 |    12 |    44 ||    73
         Skin              |       |       |       |     5 ||     5
  Dodge: Dodged            |    17 |    47 |    57 |   119 ||   240
  Block: Other             |     2 |    16 |    16 |    42 ||    76
         Reflection        |       |     1 |     5 |     3 ||     9

Table legend: (Time is in decaauts)
 A = Elapsed time spent in this place.
 B = Non-inter-level travel time spent in this place.
 C = Inter-level travel time spent in this place.
 D = Time resting spent in this place.
 E = Time spent auto-exploring this place.
 F = Levels seen in this place.
 G = Mean time per level.
                   A        B        C        D        E       F      G
               +--------+--------+--------+--------+--------+-----+--------+
         Total |  17614 |  17262 |    352 |   4590 |   8595 |  14 | 1258.1 |
       Dungeon |  16601 |  16256 |    345 |   4162 |   8336 |  12 | 1383.4 |
        Temple |     13 |      7 |      6 |      0 |      0 |   1 |   13.0 |
      Ice Cave |    999 |    999 |      0 |    427 |    258 |   1 |  999.0 |
               +--------+--------+--------+--------+--------+-----+--------+

Top non-repeatable levels by time:
     D:6: 2970 daAuts
    D:10: 2188 daAuts
     D:9: 1727 daAuts
     D:8: 1468 daAuts
     D:7: 1397 daAuts
    D:11: 1316 daAuts
     D:3: 1293 daAuts
     D:5: 1272 daAuts
     D:2: 1041 daAuts
   IceCv: 999 daAuts
     D:1: 952 daAuts
     D:4: 863 daAuts
    D:12: 109 daAuts
  Temple: 13 daAuts
